Description

For an indepth Guide visit: http://www.teamliquid.net/forum/sc2-strategy/520129-zvt-hydra-lurker


Terrans almost always open with a Reaper. By sending two Lings around the reaper we are able to do economic damage and get good scouting Information. It is very early on that the Terran decides what kind of opener he is going for.

Further we get a quick evolution chamber into +1 Carapace Upgrade. This allows us to be completly versus the 16 marine drop. We try to aim for an early game drop with 8 lings by using the evolution chamber. The 8 lings can deal a good amount of damage and provide valuable scouting.

In the Mid Game we use mass Hydras on a fairly low eco to stop the Terran aggression. Once we have our 1/2 Upgrades, the Lurker Den and Overlord Speed complete we are able to start attacking the Terran with both drops as well as frontal attacks.

If we are unable to close out the game here we will add either Broodlords, Vipers or both to our endgame composition to close out the Game.

VOD

https://www.youtube.com/watch?v=HqkifiRJZUk

Replay - IIIIIIIIIIII v Railgan - Proxima Station LE

Build Order

Get SALT Encoding   

  12  0:01  Drone  
  13  0:12  Overlord  
  13  0:17  Drone  
  14  0:31  Drone x3  
  17  0:48  Spawning Pool  
  17  0:49  Drone  
  17  0:57  Drone  
  18  1:11  Hatchery  
  18  1:13  Extractor  
  18  1:16  Drone x2  
  18  1:29  Drone  
  19  1:34  Queen  
  21  1:40  Zergling x2  
  22  1:49  Overlord  
  22  2:10  Queen  
  26  2:20  Metabolic Boost  
  27  2:23  Queen  
  30  2:33  Overlord  
  36  2:54  Evolution Chamber  
  37  3:07  Zergling x4  
  39  3:15  Zergling x2  
  39  3:19  Overlord  
  43  3:22  Zerg Ground Armor Level 1  
  44  3:29  Overlord  
  46  3:46  Zergling x4  
  46  3:47  Extractor x2  
  49  3:52  Zergling x4  
  51  3:57  Lair  
  57  4:26  Zergling x4  
  57  4:30  Extractor  
  60  4:42  Baneling Nest  
  60  4:44  Hatchery  
  59  5:03  Hydralisk Den  
  59  5:05  Overseer  
  60  5:25  Baneling x4  
  60  5:27  Queen x2  
  68  5:36  Hydralisk x6  
  80  5:49  Baneling x3  
  73  5:58  Queen  
  81  6:10  Muscular Augments  
  81  6:13  Zerg Missile Weapons Level 1, Evolution Chamber  
  77  6:38  Hydralisk x3  
  84  6:42  Spore Crawler x3  
  88  7:07  Extractor x2  
  90  7:12  Zerg Ground Armor Level 2  
  90  7:15  Hydralisk  
  89  7:19  Pneumatized Carapace  
  96  7:23  Lurker Den  
  104  7:59  Baneling x3  
  103  8:19  Extractor  
  114  8:38  Zerg Missile Weapons Level 2  
  130  9:16  Hatchery  
  131  9:38  Lurker x6  
  147  9:45  Infestation Pit  
Spawning Tool Build Advisor. Get it on Overwolf

Go to:

Details

  • Created by: railgan      
  • Published on: Mar 26, 2017
  • Modified on: Apr 03, 2017
  • Patch: 3.8.0
Show
View Real Time Build Order
Export as new Build Order

Comments (0)

There are no comments. Be the first!

Create an account to comment!